 Dungeon Crawl Stone Soup version 0.19.4-9-g45fd643 (webtiles) character file.

127 maxonian the Slasher (level 5, 0/46 HPs)
             Began as a Naga Gladiator on Feb 17, 2017.
             Was an Initiate of Okawaru.
             Slain by a water moccasin (5 damage)
             ... on level 3 of the Dungeon.
             The game lasted 00:04:59 (3686 turns).

maxonian the Slasher (Naga Gladiator)               Turns: 3686, Time: 00:05:00

Health: 0/46       AC:  5    Str: 18    XL:     5   Next: 11%
Magic:  5/5        EV: 10    Int:  9    God:    Okawaru [......]
Gold:   169        SH:  0    Dex: 11    Spells: 0 memorised, 4 levels left

rFire  . . .     SeeInvis +     a - +0 long sword
rCold  . . .     Gourm    .     b - +0 leather armour
rNeg   . . .     Faith    .     (no shield)
rPois  +         Spirit   .     c - +0 helmet
rElec  .         Reflect  .     (no cloak)
rCorr  .         Harm     .     u - +0 pair of gloves
MR     .....                    (no barding)
Stlth  +.........               (no amulet)
                                (no ring)
                                (no ring)

@: short of breath, hasted, quick
A: see invisible, deformed body, poison resistance, slowness 2, slow metabolism
1, spit poison 1, AC +1
a: Spit Poison, Renounce Religion


You were on level 3 of the Dungeon.
You worshipped Okawaru.
Okawaru was noncommittal.
You were not hungry.

You visited 1 branch of the dungeon, and saw 3 of its levels.

You collected 169 gold pieces.

Inventory:

Hand Weapons
 a - a +0 long sword (weapon)
 g - a +0 hunting sling
 C - a +0 blowgun
Missiles
 d - 2 throwing nets (quivered)
 h - 127 stones
 r - 22 bolts
 y - 41 arrows
 z - 12 curare-tipped needles
 B - 18 sling bullets
 E - 13 poisoned needles
Armour
 b - a +0 leather armour (worn)
 c - a +0 helmet (worn)
 u - a +0 pair of gloves (worn)
Jewellery
 F - an uncursed amulet of rage {unknown}
Scrolls
 m - 5 scrolls of identify {unknown}
 n - a scroll of immolation {unknown}
 o - a scroll of teleportation {unknown}
 p - 2 scrolls of amnesia {unknown}
 q - a scroll of fear {unknown}
 t - a scroll of enchant weapon {unknown}
 w - a scroll of remove curse {unknown}
 A - 2 scrolls of magic mapping {unknown}
Potions
 e - a potion of mutation {unknown}
 i - a potion of berserk rage {unknown}
 j - a potion of haste
 l - a potion of cancellation {unknown}
 x - a potion of might {unknown}
Comestibles
 f - 5 bread rations
 k - a beef jerky
 s - 10 fruits
 v - a meat ration


   Skills:
 + Level 2.6 Fighting
 + Level 4.0 Long Blades
 - Level 2.0 Throwing
 - Level 1.5 Armour
 + Level 3.0 Dodging
 - Level 0.4 Stealth


You had 4 spell levels left.
You didn't know any spells.

Dungeon Overview and Level Annotations

Branches:
Dungeon (3/15)

Altars:
Gozag
Nemelex Xobeh
Okawaru
Zin


Innate Abilities, Weirdness & Mutations

You cannot wear boots.
Your serpentine skin is tough. (AC +1)
You have supernaturally acute eyesight. (SInv)
Armour fits poorly on your strangely shaped body.
Your system is resistant to poisons. (rPois)
You cover ground very slowly.
You have a slow metabolism.
You can spit poison.


Message History

The water moccasin misses you. The water moccasin bites you!
* * * LOW HITPOINT WARNING * * *
You are too injured to fight recklessly!
You are too injured to fight recklessly!
You are too injured to fight recklessly!
You are too injured to fight recklessly!
You are too injured to fight recklessly!
You are too injured to fight recklessly!
You are too injured to fight recklessly!
You are too injured to fight recklessly!
Press: ? - help, Shift-Dir - straight line, f - water moccasin
Aim: a water moccasin (moderately wounded)
The splash of poison hits the water moccasin.
The water moccasin completely resists.
The water moccasin is moderately wounded.
You feel slightly more hungry. The water moccasin bites you!
* * * LOW HITPOINT WARNING * * *
It was a potion of haste.
You feel yourself speed up. The water moccasin bites you.
You die...

.# ##.## .# #..# .#
.# ##.# .# .# #.##
.# .# #..# .#
.##### ##.##.#
.....# #..#.#
.....# ##.#S#
.....##########.@.#
.............###..#
.............# #..#
.............# #.>.
.............#
#####
.....#########
.....#######
#..........#
...........#


You could see a water moccasin.

Vanquished Creatures
  An orc wizard (D:3)
  An adder (D:2)
  2 worms
  3 dart slugs
  3 leopard geckos
  5 orcs (D:3)
  A ball python (D:3)
  5 giant cockroaches
  5 hobgoblins
  11 kobolds
  A quokka (D:3)
  5 bats
  5 frilled lizards
  8 goblins
  10 rats
66 creatures vanquished.

Vanquished Creatures (others)
  A leopard gecko (D:1)
  A bat (D:1)
2 creatures vanquished.

Grand Total: 68 creatures vanquished

Notes
Turn   | Place    | Note
-------+----------+-------------------------------------------
     0 | D:1      | maxonian the Naga Gladiator began the quest for the Orb.
     0 | D:1      | Reached XP level 1. HP: 19/19 MP: 1/1
   247 | D:1      | Reached XP level 2. HP: 13/26 MP: 2/2
   819 | D:1      | Reached XP level 3. HP: 10/32 MP: 3/3
  1180 | D:1      | HP: 1/32 [kobold (2)]
  1756 | D:1      | Reached skill level 1 in Armour
  2403 | D:2      | Reached XP level 4. HP: 32/40 MP: 4/4
  2465 | D:2      | Found a sparkling altar of Nemelex Xobeh.
  2804 | D:3      | Found an iron altar of Okawaru.
  2828 | D:3      | Became a worshipper of Warmaster Okawaru
  2860 | D:3      | Reached skill level 4 in Long Blades
  3266 | D:3      | Reached XP level 5. HP: 38/46 MP: 5/5
  3638 | D:3      | Found a glowing silver altar of Zin.
  3639 | D:3      | Found an opulent altar of Gozag.
  3676 | D:3      | Noticed a water moccasin
  3686 | D:3      | Slain by a water moccasin

Skill      XL: |  1  2  3  4  5 |
---------------+----------------+-----
Throwing       | 2 |  2.0
Armour         | 1 |  1.5
Long Blades    | 4 |  4.0
Dodging        | 3 |  3.0
Fighting       | |  2.6
Stealth        | |  0.4

Action                   |  1- 3 |  4- 6 || total
-------------------------+-------+-------++-------
Melee: Long sword        |   120 |    80 ||   200
Throw: Throwing net      |     1 |       ||     1
 Abil: Spit Poison       |     3 |     3 ||     6
  Use: Potion            |       |     1 ||     1
  Eat: Chunk             |     3 |     4 ||     7
Armor: Leather armour    |    30 |    36 ||    66
Dodge: Dodged            |    99 |    43 ||   142
       Rpst.: Long sword |    31 |    16 ||    47
